Map: Junção Kairos LE

Players

chance - Winner!

  • Race: Terran Terran
  • League: Platinum
  • Spawn Location: 11:00

Vicster

  • Race: Terran Terran
  • League: Gold
  • Spawn Location: 5:00

VOD

Have the link to the VOD?

Description

Time

  • Played on: Jan. 9, 2019, 1:40 p.m.
  • Length: 13:18
Show
View Real Time Build Order
Export as new Build Order

chance Terran - Winner!

Build Orders:  

Get SALT Encoding   

  12  0:01  SCV  
  13  0:14  SCV  
  13  0:18  Supply Depot  
  14  0:26  SCV  
  15  0:39  SCV  
  15  0:40  Barracks  
  16  0:45  Refinery  
  16  0:52  SCV  
  17  1:04  SCV  
  18  1:16  SCV  
  19  1:28  SCV  
  20  1:35  Command Center  
  20  1:40  SCV  
  20  1:42  Reaper  
  23  1:55  Orbital Command  
  23  2:00  Refinery  
  22  2:25  Supply Depot  
  22  2:26  Marine  
  23  2:46  SCV  
  24  2:53  Orbital Command  
  24  2:58  Factory  
  24  3:03  SCV  
  24  3:15  Barracks Reactor, SCV  
  25  3:20  Refinery  
  25  3:25  SCV  
  25  3:27  SCV  
  26  3:37  SCV  
  26  3:38  Supply Depot  
  26  3:39  SCV  
  28  3:42  Starport  
  28  3:43  Factory Tech Lab  
  28  3:45  Barracks  
  28  3:49  SCV, Engineering Bay  
  28  3:51  SCV  
  28  3:55  Marine x2  
  31  3:56  Supply Depot  
  31  4:01  SCV  
  33  4:03  SCV  
  33  4:07  Siege Tank  
  37  4:13  Marine, SCV  
  37  4:15  Marine, SCV, Terran Infantry Weapons Level 1  
  41  4:21  Supply Depot  
  41  4:25  SCV  
  41  4:28  SCV  
  41  4:31  Marine  
  44  4:33  Marine, Starport Tech Lab  
  44  4:34  Barracks Tech Lab  
  44  4:38  SCV  
  46  4:42  Refinery  
  46  4:47  SCV  
  46  4:48  Siege Tank  
  46  4:52  Banshee  
  53  4:54  SCV  
  54  5:01  SCV  
  54  5:05  Supply Depot  
  54  5:06  SCV  
  54  5:07  Marine x2, Supply Depot  
  56  5:08  Marine  
  56  5:10  Stimpack  
  59  5:21  SCV  
  59  5:22  SCV  
  61  5:33  Marine, SCV  
  61  5:34  SCV  
  64  5:41  Command Center  
  63  5:45  Banshee  
  63  5:46  Cloaking Field, SCV x2  
  63  5:48  Marine  
  69  5:50  Marine  
  69  5:51  Marine, Siege Tank  
  74  5:59  Starport  
  74  6:06  Marine  
  70  6:11  SCV x2  
  72  6:23  SCV x2  
  74  6:26  Factory  
  74  6:30  Marine  
  74  6:32  Marine x2, Barracks  
  77  6:34  Siege Tank  
  77  6:35  SCV, Banshee  
  77  6:37  Starport Tech Lab  
  84  7:05  SCV x2  
  84  7:06  Siege Tank  
  89  7:11  Refinery  
  89  7:15  Orbital Command  
  89  7:17  SCV x2  
  91  7:27  Marine, Supply Depot x2  
  91  7:28  Supply Depot x2  
  91  7:29  SCV x2  
  94  7:30  Supply Depot  
  91  7:38  Marine x2  
  91  7:39  Siege Tank  
  91  7:41  SCV x2, Banshee  
  101  7:48  Marine, Banshee  
  105  7:51  SCV  
  105  7:53  SCV x2  
  105  7:55  Factory Tech Lab  
  105  7:56  Marine x2  
  110  8:06  Marine  
  110  8:10  SCV x3  
  110  8:12  Siege Tank  
  117  8:14  Marine x2, Siege Tank  
  119  8:22  SCV  
  119  8:24  Marine  
  121  8:31  Marine  
  121  8:32  Marine  
  123  8:42  Marine  
  123  8:44  Siege Tank  
  123  8:47  Siege Tank  
  124  9:06  SCV x2  
  124  9:07  Marine x2, SCV  
  127  9:14  Marine  
  127  9:16  Siege Tank  
  120  9:18  Banshee x2  
  120  9:19  Siege Tank  
  129  9:25  Marine x2  
  129  9:28  SCV x2  
  129  9:29  SCV  
  131  9:32  Marine  
  127  9:40  SCV  
  127  9:41  SCV x2  
  127  9:42  Marine  
  127  9:43  Marine  
  132  9:48  Siege Tank  
  132  9:50  Marine  
  136  9:53  Refinery  
  136  9:55  SCV x2  
  138  10:00  Marine  
  139  10:12  Supply Depot  
  139  10:14  Supply Depot  
  139  10:15  Supply Depot  
  139  10:17  Supply Depot  
  139  10:19  Command Center  
  139  10:21  Marine  
  139  10:22  Marine  
  141  10:34  Marine, Banshee x2  
  141  10:35  Siege Tank x2  
  154  10:39  Marine x2  
  156  10:51  Marine  
  157  10:57  Marine x2  
  155  11:05  SCV x2  
  155  11:07  Siege Tank x2  
  155  11:09  Marine, Missile Turret  
  164  11:14  SCV  
  164  11:15  Marine x2, Armory, Engineering Bay  
  164  11:16  Banshee x2  
  173  11:25  SCV  
  174  11:27  Marine  
  173  11:32  SCV  
  173  11:33  Marine x2, SCV  
  173  11:39  Siege Tank  
  167  11:45  Marine  
  165  11:59  Banshee x2  
  165  12:01  SCV x2  
  174  12:15  Marine, SCV  
  166  12:46  Marine x3  
Show
View Real Time Build Order
Export as new Build Order

Vicster Terran 

Build Orders: Mech 

Get SALT Encoding   

  12  0:01  SCV  
  13  0:13  SCV  
  14  0:17  Supply Depot  
  14  0:26  SCV  
  15  0:39  SCV  
  16  0:43  Barracks  
  16  0:49  Refinery  
  16  0:51  SCV  
  17  1:03  SCV  
  18  1:15  SCV  
  19  1:30  Orbital Command  
  19  1:32  Marine  
  20  1:45  Command Center  
  20  1:57  SCV  
  21  2:15  Barracks Tech Lab  
  21  2:16  SCV  
  21  2:17  Factory  
  21  2:22  Supply Depot  
  22  2:24  Refinery  
  22  2:28  SCV  
  23  2:38  Marine  
  23  2:43  SCV  
  22  2:55  SCV  
  23  3:03  Orbital Command  
  23  3:07  SCV  
  24  3:15  Siege Tank  
  24  3:16  Bunker  
  27  3:25  SCV  
  28  3:29  SCV  
  29  3:37  Command Center, SCV  
  30  3:41  SCV  
  31  3:49  SCV  
  31  3:52  Supply Depot  
  31  3:53  SCV  
  33  3:59  Siege Tank  
  33  4:01  SCV  
  37  4:05  SCV, Engineering Bay  
  38  4:13  SCV  
  39  4:17  SCV  
  40  4:25  SCV  
  40  4:30  SCV  
  42  4:37  Supply Depot  
  42  4:38  SCV  
  43  4:42  SCV  
  44  4:49  Missile Turret x2  
  44  4:50  SCV  
  44  4:52  Refinery  
  45  4:53  Refinery  
  45  4:54  SCV  
  45  4:55  Orbital Command  
  46  5:02  SCV, Siege Tank  
  46  5:05  Factory  
  46  5:07  SCV  
  51  5:14  Factory, SCV  
  51  5:19  SCV  
  53  5:22  Armory  
  53  5:26  SCV  
  54  5:39  Supply Depot  
  54  5:59  Siege Tank  
  54  6:02  Factory Reactor x2  
  57  6:06  Factory  
  57  6:07  Factory  
  57  6:10  Orbital Command  
  57  6:29  Command Center  
  57  6:31  Factory, Terran Vehicle Weapons Level 1  
  57  6:33  Factory  
  57  6:34  Factory  
  57  6:35  Armory  
  57  6:37  SCV x3  
  60  6:49  SCV x3  
  63  6:59  Missile Turret  
  60  7:01  SCV x2  
  60  7:02  SCV  
  60  7:06  Missile Turret  
  63  7:09  Missile Turret  
  63  7:12  Refinery  
  63  7:13  SCV x2  
  63  7:14  SCV  
  66  7:25  SCV  
  66  7:26  Factory Tech Lab, SCV x2  
  69  7:31  Factory Tech Lab x3  
  69  7:38  SCV x3  
  72  7:50  SCV x3  
  72  7:55  Thor x2  
  84  8:02  SCV  
  84  8:03  Orbital Command  
  81  8:15  Factory Tech Lab  
  74  9:53  Orbital Command  
  74  9:54  Terran Vehicle Weapons Level 2  
  74  9:55  Terran Vehicle And Ship Armor Level 1  
  74  10:11  Command Center  
  74  10:16  Thor  
  80  10:26  Orbital Command  
  80  10:29  SCV  
  80  10:57  Widow Mine  
  80  10:59  Hellion  
  80  11:00  Orbital Command  
  84  11:22  Thor x2  
  84  11:23  Hellion  
  84  11:25  Hellion x2  
  98  11:28  Thor  
  79  11:55  Factory Reactor  
  79  11:57  Orbital Command  
  74  12:06  Supply Depot x2  
  74  12:10  Supply Depot  
  74  12:28  Thor, Hellion x2  
  84  12:31  Thor  
Tags
 
Composition
Mech
Matchup
TvT
Race
Terran
Replay Pack
Vicster replay
Spawn Locations
Cross Positions
Add a new tag
Caveats
  • Supply blocks, unpowered buildings, or Contaminate may cause inaccurate times.
  • Supply counts are checked every 10 seconds.